 Dungeon Crawl Stone Soup version 0.21.0-3-g78d12a8 (webtiles) character file.

945 roguesci the Changer (level 8, -4/42 HPs)
             Began as a Vine Stalker Transmuter on Jan 17, 2018.
             Was a Follower of Vehumet.
             Slain by an orc wizard
             ... wielding a +0 falchion
              (7 damage)
             ... on level 5 of the Dungeon.
             The game lasted 00:19:09 (5248 turns).

roguesci the Changer (Vine Stalker Transmuter)      Turns: 5248, Time: 00:19:10

Health: -4/42      AC:  2    Str: 13    XL:     8   Next: 13%
Magic:  0/14       EV: 22    Int: 15    God:    Vehumet [*.....]
Gold:   205        SH:  0    Dex: 20    Spells: 10/14 levels left

rFire    . . .     SeeInvis .     - Unarmed
rCold    . . .     Gourm    .   (shield currently unavailable)
rNeg     . . .     Faith    .   (armour currently unavailable)
rPois    x         Spirit   +   (helmet currently unavailable)
rElec    .         Reflect  .   (cloak currently unavailable)
rCorr    .         Harm     .   (gloves currently unavailable)
MR       +....                  (boots currently unavailable)
Stlth    +++.......             (no amulet)
HPRegen  0.54/turn              (no ring)
MPRegen  0.14/turn              (no ring)

@: spider-form
A: tiny, regeneration 1, magic shield, no potion heal 3, rot immunity
a: End Transformation, Renounce Religion


You were on level 5 of the Dungeon.
You worshipped Vehumet.
Vehumet was aware of your devotion.
You were not hungry.
You were a venomous arachnid creature.
You visited 1 branch of the dungeon, and saw 6 of its levels.

You collected 205 gold pieces.

Inventory:

Missiles
 a - 38 arrows
 g - 221 stones (quivered)
Armour
 b - a +0 robe (melded)
 p - a +1 helmet (melded)
 t - a +2 cloak (melded)
 u - a +0 pair of boots (melded)
 x - a +0 buckler
Wands
 o - a wand of paralysis (25)
Scrolls
 e - a scroll of fog {unknown}
 f - 2 scrolls of teleportation
 h - 2 scrolls of fear
 i - a scroll of enchant weapon {unknown}
 j - 2 scrolls of identify
 l - 2 scrolls of blinking {unknown}
 r - a scroll of random uselessness {unknown}
 s - a scroll of summoning {unknown}
 v - a scroll of amnesia {unknown}
 y - a scroll of immolation {unknown}
Potions
 k - a potion of haste {unknown}
 m - a potion of degeneration {unknown}
 n - a potion of ambrosia
 q - 2 potions of curing
 w - a potion of resistance {unknown}
Books
 c - a book of Changes

   Spells                             Type                      Level
   a - Beastly Appendage              Transmutation                1
   b - Sticks to Snakes               Transmutation                2
   c - Spider Form                    Transmutation/Poison         3
   d - Ice Form                       Ice/Transmutation            4
   e - Blade Hands                    Transmutation                5
Comestibles
 d - 7 rations
 z - 5 chunks of flesh


   Skills:
 * Level 3.6 Fighting
 + Level 1.0 Armour
 * Level 3.6 Dodging
 + Level 3.5 Stealth
 + Level 3.4 Unarmed Combat
 * Level 3.8 Spellcasting
 + Level 3.9 Transmutations
 - Level 3.0 Poison Magic


You had 10 spell levels left.
You knew the following spells:

 Your Spells              Type           Power        Failure   Level  Hunger
a - Beastly Appendage     Tmut           ##....       12%         1    None
b - Spider Form           Tmut/Pois      ##........   30%         3    ###....


Dungeon Overview and Level Annotations

Branches:
Dungeon (6/15)
 Temple: D:4-7

Altars:
Dithmenos
Hepliaklqana
Vehumet
Wu Jian
Xom

Shops:
D:5 (


Innate Abilities, Weirdness & Mutations

((You have razor-sharp teeth.))
Your natural rate of healing is unusually fast.
When hurt, damage is shared between your health and your magic reserves.
((Your bite disrupts and absorbs the magic of your enemies.))
Potions cannot restore your health.
You are immune to rotting.


Message History

The puff of frost hits you!
* * * LOW HITPOINT WARNING * * *
You miss something. The orc warrior completely misses you.
The orc completely misses you. Something hits you but does no damage.
You miss something. The orc closely misses you.
The orc warrior completely misses you.
You hit something.
You kill the orc warrior!
Vehumet accepts your kill.
Your Armour skill increases to level 1!
You hear some strange, mumbled words.
A magic dart appears from out of thin air!
The magic dart hits you!
* * * LOW HITPOINT WARNING * * *
The orc misses you.
You closely miss something. Something closely misses you.
You closely miss something. The orc hits you with a club.
* * * LOW HITPOINT WARNING * * *
Something hits you!
You die...

#.#..........#.#
#.#..........#'##
#.#.............#
###.#.............#
..<......####.....#
...#####.# #.....#
...# #.# #.....#
...# #.# #..o).#
...#####.# ####s##
...'.....# #[#
...####### #.# ####
#.# #.# #.# ## #[#
.# #.# .# #####.#


You could see an orc.

Vanquished Creatures
  An orc warrior (D:5)
  An ice beast (D:4)
  An ogre (D:5)
  A howler monkey (D:5)
  2 crimson imps (D:5)
  2 orc priests
  2 jellies (D:5)
  Jessica (D:2)
  6 orc wizards
  2 worker ants (D:4)
  Robin (D:2)
  3 adders
  2 oozes (D:1)
  An adder zombie (D:5)
  2 worms
  3 dart slugs (D:1)
  5 leopard geckos
  29 orcs
  A ball python (D:3)
  2 giant cockroaches
  12 goblins
  12 hobgoblins
  8 jackals
  4 kobolds
  A quokka (D:4)
  9 bats
  9 frilled lizards
  A jackal skeleton (D:5)
  A quokka zombie (D:5)
  2 rats (D:2)
127 creatures vanquished.

Notes
Turn   | Place    | Note
-------+----------+-------------------------------------------
     0 | D:1      | roguesci the Vine Stalker Transmuter began the quest for the Orb.
     0 | D:1      | Reached XP level 1. HP: 9/9 MP: 4/4
   107 | D:1      | Reached skill level 1 in Fighting
   304 | D:1      | Reached XP level 2. HP: 14/14 MP: 6/6
   664 | D:1      | Reached XP level 3. HP: 15/18 MP: 5/7
   752 | D:1      | Learned a level 3 spell: Spider Form
   977 | D:1      | Reached skill level 1 in Stealth
  1552 | D:2      | Gained mutation: Your natural rate of healing is unusually fast. [Vine Stalker growth]
  1552 | D:2      | Reached XP level 4. HP: 9/22 MP: 2/8
  1780 | D:2      | Found a hazy altar of Hepliaklqana.
  1781 | D:2      | Found a shimmering altar of Xom.
  1781 | D:2      | Noticed a thorn hunter
  1783 | D:2      | Noticed a spectral ugly thing
  1783 | D:2      | Noticed a thorn hunter
  1890 | D:2      | Reached skill level 1 in Poison Magic
  2015 | D:2      | Noticed Robin
  2029 | D:2      | Killed Robin
  2131 | D:2      | Noticed Jessica
  2139 | D:2      | Killed Jessica
  2139 | D:2      | Reached XP level 5. HP: 16/26 MP: 3/10
  2312 | D:2      | Found an ornate altar of the Wu Jian Council.
  2857 | D:3      | Found a radiant altar of Vehumet.
  2974 | D:3      | Reached XP level 6. HP: 12/31 MP: 1/11
  3075 | D:3      | Became a worshipper of Vehumet
  3394 | D:4      | Noticed an ice beast
  3451 | D:4      | Killed an ice beast
  3811 | D:4      | Reached XP level 7. HP: 35/35 MP: 9/12
  3932 | D:5      | Entered Level 5 of the Dungeon
  4549 | D:5      | Found Kemp's Weapon Shoppe.
  5077 | D:6      | Found a shadowy altar of Dithmenos.
  5212 | D:5      | Gained mutation: You have razor-sharp teeth. [Vine Stalker growth]
  5212 | D:5      | Reached XP level 8. HP: 39/40 MP: 11/14
  5220 | D:6      | Reached * piety under Vehumet
  5220 | D:6      | Offered knowledge of Freeze by Vehumet.
  5246 | D:5      | Reached skill level 1 in Armour
  5248 | D:5      | Slain by an orc wizard

Skill      XL: |  1  2  3  4  5  6  7  8 |
---------------+-------------------------+-----
Fighting       | 1 2 3 |  3.6
Stealth        | 1 2 3 |  3.5
Dodging        | 2 3 |  3.6
Poison Magic   | 1 2 3 |  3.0
Transmutations | 3 |  3.9
Spellcasting   | 3 |  3.8
Armour         | 1 |  1.0
Unarmed Combat | |  3.4

Action                   |  1- 3 |  4- 6 |  7- 9 || total
-------------------------+-------+-------+-------++-------
Melee: Unarmed           |    92 |   200 |   150 ||   442
       Kick              |     9 |       |       ||     9
       Bite              |    12 |    17 |     7 ||    36
       Headbutt          |     3 |       |       ||     3
       Punch             |       |     2 |       ||     2
Throw: Stone             |       |       |     3 ||     3
 Cast: Beastly Appendage |     9 |       |       ||     9
       Spider Form       |     2 |    21 |    16 ||    39
 Abil: End Transformatio |       |       |     1 ||     1
Evoke: Wand              |       |       |     1 ||     1
  Use: Scroll            |       |     3 |     1 ||     4
       Potion            |       |       |     4 ||     4
 Stab: Sleeping          |       |     6 |     3 ||     9
       Distracted        |       |     1 |       ||     1
       Paralysed         |       |       |     1 ||     1
  Eat: Chunk             |     2 |    11 |     3 ||    16
       Ration            |       |       |     1 ||     1
Armor: Robe              |    13 |     6 |    10 ||    29
       Skin              |     2 |    10 |     4 ||    16
Dodge: Dodged            |    82 |   127 |   119 ||   328
